 Dungeon Crawl Stone Soup version 0.32-a0-953-g508020473e (webtiles) character file.

Game seed: 7273972879575306002

29 zazu2006 the Gusty (level 3, 0/28 HPs)
             Began as a Gnoll Wanderer on Apr 16, 2024.
             Slain by a goblin
             ... wielding a +0 club
             ... led by Robin
              (5 damage)
             ... on level 1 of the Dungeon.
             The game lasted 00:01:57 (384 turns).

zazu2006 the Gusty (Gnoll Wanderer)                  Turns: 384, Time: 00:01:59

Health: 0/28       AC:  3    Str: 11    XL:     3   Next: 16%
Magic:  2/7        EV: 11    Int: 13    God:
Gold:   90         SH:  0    Dex: 11    Spells: 6/7 levels left

rFire   . . .        a - +0 falchion
rCold   . . .        (no shield)
rNeg    . . .        d - +0 robe
rPois   .            b - +0 helmet
rElec   .            (no cloak)
rCorr   .            (no gloves)
SInv    .            (no boots)
Will    .....        (no amulet)
Stlth   +            (no ring)
HPRegen 0.24/turn    (no ring)
MPRegen 0.10/turn

%: no passive effects
@: invisible
A: fangs 1, strong nose, distributed training
a: no special abilities


You were on level 1 of the Dungeon.
You visited 1 branch of the dungeon, and saw 2 of its levels.

You collected 90 gold pieces.

Inventory:

Hand Weapons
 a - a +0 falchion (weapon)
Missiles
 f - 6 boomerangs
Armour
 b - a +0 helmet (worn)
 d - a +0 robe (worn)
Scrolls
 c - a scroll of fear
 e - a scroll of noise {unknown}
 h - a scroll of teleportation {unknown}
 i - a scroll of enchant weapon {unknown}
 k - a scroll of identify {unknown}


   Skills:
 + Level 2.6 Fighting
 + Level 0.7 Short Blades
 + Level 4.5 Long Blades
 + Level 0.7 Axes
 + Level 0.7 Maces & Flails
 + Level 0.7 Polearms
 + Level 0.7 Staves
 + Level 0.7 Ranged Weapons
 + Level 0.7 Throwing
 + Level 0.7 Armour
 + Level 2.6 Dodging
 + Level 0.7 Stealth
 + Level 0.7 Shields
 + Level 0.7 Unarmed Combat
 + Level 2.8 Spellcasting
 + Level 0.5 Conjurations
 + Level 0.5 Hexes
 + Level 0.5 Summonings
 + Level 0.5 Necromancy
 + Level 0.5 Translocations
 + Level 0.5 Fire Magic
 + Level 0.5 Ice Magic
 + Level 5.4 Air Magic
 + Level 0.5 Earth Magic
 + Level 0.5 Alchemy
 + Level 4.5 Invocations
 + Level 0.7 Evocations
 + Level 0.6 Shapeshifting


You had 6 spell levels left.
You knew the following spells:

 Your Spells              Type           Power      Damage    Failure   Level
a - Shock                 Conj/Air       36%        1d5       7%          1

Your spell library contained the following spells:

 Spells                   Type           Power      Damage    Failure   Level
 Mercury Vapours          Alch/Air       18%        N/A       11%         2
 Fugue of the Fallen      Necr           3%         N/A       50%         3
 Ozocubu's Armour         Ice            3%         N/A       50%         3
 Vhi's Electric Charge    Tloc/Air       18%        N/A       56%         4
 Manifold Assault         Tloc           1%         N/A       100%        7


Dungeon Overview and Level Annotations

Branches:
Dungeon (2/15)

Altars:

Annotations:
D:1 Robin


Innate Abilities, Weirdness & Mutations

You have very sharp teeth.
Your uncanny sense of smell can sniff out nearby items.
Your experience applies equally to all skills.


Message History

Aiming: Shock (safe; 7% risk of failure)
Press: ? - help, Shift-Dir - straight line The zap hits the goblin.
The goblin is moderately wounded.
The zap hits the goblin.
You kill the goblin!
The goblin hits you with a +0 club. The goblin hits you but does no damage.
Robin closely misses you.
Unknown command.
Casting: Shock (safe; 7% risk of failure)
Confirm with . or Enter, or press ? or * to list all spells.
Aiming: Shock (safe; 7% risk of failure)
Press: ? - help, Shift-Dir - straight line The zap misses the goblin.
The goblin hits you with a +0 club. The goblin hits you with a +0 dagger.
Unknown command.
You closely miss the goblin.
The goblin is moderately wounded.
The goblin hits you with a +0 club.
* * * LOW HITPOINT WARNING * * *
The goblin closely misses you.
Unknown command.
It was a potion of invisibility.
You fade into invisibility!
Robin hits you but does no damage. The goblin hits you with a +0 club.
* * * LOW HITPOINT WARNING * * *
The goblin misses you.
Unknown command.
It was a potion of curing.
You feel better. Robin closely misses you. The goblin hits you with a +0 club.
* * * LOW HITPOINT WARNING * * *
The goblin hits you but does no damage.
Unknown command.
You catch the helpless goblin completely off-guard!
You hit the goblin. Your bite misses the goblin.
The goblin is moderately wounded.
Robin hits you with a +0 spear.
* * * LOW HITPOINT WARNING * * *
The goblin hits you with a +0 club.
You die...

.#####.......###.)....##
.# ##.........).รท..##
#..######.....## #..#
##....# #..# #....# ####
#....# #..).# #gg..#
#@g..# ######


You could see Robin (unable to see you) and 2 goblins.

Vanquished Creatures
  3 ball pythons (D:1)
  A bat (D:1)
  2 giant cockroaches (D:1)
  2 goblins (D:1)
  6 hobgoblins (D:1)
  4 jackals (D:1)
  A quokka (D:1)
  2 frilled lizards (D:1)
  A kobold (D:1)
  A rat (D:1)
23 creatures vanquished.

Notes
Turn   | Place    | Note
-------+----------+-------------------------------------------
     0 | D:1      | zazu2006 the Gnoll Wanderer began the quest for the Orb.
     0 | D:1      | zazu2006 set off with the following items: a +0 falchion, a
                  | +0 helmet, a scroll of fear, a +0 robe; and the following
                  | spell memorised: Shock; and the following spells available
                  | to memorise: Mercury Vapours, Vhi's Electric Charge.
     0 | D:1      | Reached XP level 1. HP: 17/17 MP: 4/4
    53 | D:1      | Reached XP level 2. HP: 19/23 MP: 0/5
   352 | D:2      | Noticed Robin
   358 | D:1      | Reached XP level 3. HP: 26/28 MP: 2/7
   384 | D:1      | Slain by a goblin

Illustrated notes

Levels and vault maps discovered:
D:1:      lightli_arrival_statue_moat, layout_rooms
D:2:      layout_basic, basic_altar, uniq_robin

Action                     || total
---------------------------++-------
  Melee: Falchion          ||    32
         Bite              ||     4
   Cast: Shock             ||    23
    Use: Potion            ||     2
   Stab: Invisible         ||     1
 Armour: Robe              ||    52
  Dodge: Dodged            ||    38

Table legend: (Time is in decaauts)
 A = Elapsed time spent in this place.
 B = Non-inter-level travel time spent in this place.
 C = Inter-level travel time spent in this place.
 D = Time resting spent in this place.
 E = Time spent auto-exploring this place.
 F = Levels seen in this place.
 G = Mean time per level.
                   A        B        C        D        E       F      G
               +--------+--------+--------+--------+--------+-----+--------+
         Total |    387 |    346 |     41 |      0 |    108 |   2 |  193.5 |
       Dungeon |    387 |    346 |     41 |      0 |    108 |   2 |  193.5 |
               +--------+--------+--------+--------+--------+-----+--------+

Top non-repeatable levels by time:
     D:1: 383 daAuts
     D:2: 4 daAuts
